 Dungeon Crawl Stone Soup version 0.27.1-35-g4d5d836560 (webtiles) character file.

Game seed: 6182418810590025764

3 Delamore the Sneak (level 1, -1/14 HPs)
             Began as an Octopode Brigand on May 15, 2022.
             Slain by a gnoll (11 damage)
             ... on level 2 of the Dungeon.
             The game lasted 00:00:14 (292 turns).

Delamore the Sneak (Octopode Brigand)                Turns: 292, Time: 00:00:15

Health: -1/14      AC:  1    Str: 10    XL:     1   Next: 50%
Magic:  1/1        EV: 12    Int: 13    God:
Gold:   17         SH:  0    Dex: 13    Spells: 0/0 levels left

rFire    . . .     SeeInvis .   a - +2 dagger
rCold    . . .     Faith    .   (no shield)
rNeg     . . .     Spirit   .   (helmet restricted)
rPois    .         Reflect  .   (no amulet)
rElec    .         Harm     .   (no ring)
rCorr    .         Rampage  .   (no ring)
Will     .....                  (no ring)
Stlth    ++++......             (no ring)
HPRegen  0.04/turn              (no ring)
MPRegen  0.07/turn              (no ring)
                                (no ring)
                                (no ring)

@: no status effects
A: almost no armour, amphibious, 8 rings, camouflage 1, gelatinous body 1,
(nimble swimmer 1), tentacles
a: no special abilities


You were on level 2 of the Dungeon.
You visited 1 branch of the dungeon, and saw 2 of its levels.

You collected 17 gold pieces.

Inventory:

Hand Weapons
 a - a +2 dagger (weapon)
Missiles
 b - 8 poisoned darts (quivered)
 c - 2 curare-tipped darts
 d - 2 throwing nets


   Skills:
 - Level 2.0 Fighting
 * Level 2.2 Short Blades
 - Level 2.0 Throwing
 - Level 1.0 Dodging
 + Level 5.4 Stealth


You couldn't memorise any spells.
You didn't know any spells.
Your spell library was empty.

Dungeon Overview and Level Annotations

Branches:
Dungeon (1/15)

Altars:


Innate Abilities, Weirdness & Mutations

You cannot wear most types of armour.
You are amphibious.
You can wear up to eight rings at the same time.
Your skin changes colour to match your surroundings (Stealth+).
Your rubbery body absorbs attacks. (AC +1, EV +1)
((You are camouflaged near water. (Stealth+)))
You have tentacles for arms and can constrict up to eight enemies at once.


Message History

You are too injured to fight recklessly!
You are too injured to fight recklessly!
You are too injured to fight recklessly!
You are too injured to fight recklessly!
You are too injured to fight recklessly!
You hit the endoplasm.
You kill the endoplasm!
You start resting.
HP restored.
Found a stone staircase leading down.
A ball python comes into view.
A ball python is nearby!
A ball python is nearby!
The helpless ball python fails to defend itself.
You impale the ball python!!
You kill the ball python!
No target in view!
No target in view!
No target in view!
No target in view!
No target in view!
Key pressed, stopping explore.
Found 17 gold pieces.
Found a fizzy clear potion.
You now have 17 gold pieces.
You fall into a shaft and drop 1 floor!
The shaft crumbles and collapses. 4 gnolls come into view.
There are monsters nearby!
There are monsters nearby!
The gnoll shouts! x4
You hit the gnoll. Your grab misses the gnoll. You squeeze the gnoll.
The gnoll is heavily wounded.
You hit the gnoll. You grab the gnoll.
The gnoll is severely wounded.
You constrict the gnoll, but do no damage.
The gnoll hits you with a +0 spear. The gnoll barely misses you.
The gnoll hits you with a +0 flail!
Ouch! That really hurt!
You die...

......
#....
#....
.... #..#
#..# #gg#
#.@#
.....g.g#
.....##.#
#### #.#
#.# #.#
#.# #.#


You could see 4 gnolls.

Vanquished Creatures
  An endoplasm (D:1)
  2 ball pythons (D:1)
3 creatures vanquished.

Vanquished Creatures (others)
  5 toadstools (D:1)
5 creatures vanquished.

Grand Total: 8 creatures vanquished

Notes
Turn   | Place    | Note
-------+----------+-------------------------------------------
     0 | D:1      | Delamore the Octopode Brigand began the quest for the Orb.
     0 | D:1      | Reached XP level 1. HP: 14/14 MP: 1/1
   290 | D:1      | You fall into a shaft and drop 1 floor!
   292 | D:2      | Slain by a gnoll

Illustrated notes

Levels and vault maps discovered:
D:1:      ldierk_walled_garden, layout_loops_ring, minmay_split_cup_small
D:2:      layout_loops_ring, basic_altar, dk_noncrumbling_4

Action                   || total
-------------------------++-------
Melee: Dagger            ||     8
       Constrict         ||     2
       Tentacles         ||     2
 Stab: Sleeping          ||     1
Dodge: Dodged            ||     2
